 Dungeon Crawl Stone Soup version 0.13-b1-54-gfe00c74 (webtiles) character file.

314 Lilouch the Slasher (level 5, 0/41 HPs)
             Began as a Mummy Fighter on Oct 10, 2013.
             Slain by an orc
             ... wielding a +0,+0 orcish flail
              (3 damage)
             ... on Level 3 of the Dungeon.
             The game lasted 00:35:20 (16680 turns).

Lilouch the Slasher (Mummy Fighter)                Turns: 16680, Time: 00:35:20

HP   0/41        AC 11     Str 20      XL: 5   Next:  2%
MP   4/4         EV  4     Int  7      God:
Gold 174         SH 18     Dex 11      Spells:  0 memorised,  4 levels left

Res.Fire  : . . .   See Invis. : .   a - +0 falchion
Res.Cold  : . . .   Warding    : +   U - +2 dwarf chain mail
Life Prot.: + + +   Conserve   : .   c - +0 shield
Res.Poison: +       Res.Corr.  : .   (no helmet)
Res.Elec. : .       Clarity    : .   (no cloak)
Sust.Abil.: . .     Spirit.Shd : .   (no gloves)
Res.Mut.  : .       Stasis     : .   (no boots)
Res.Rott. : +       Flight     : .   k - amulet of warding {unknown}
Saprovore : . . .                    (no ring)
                                     m - ring of fire

@: slightly resistant to hostile enchantments, extremely unstealthy
A: no food or potions, fire vulnerability, restore body, cold resistance 1, life
protection 3, poison resistance, torment resistance, unbreathing
a: no special abilities


You were on level 3 of the Dungeon.
You were not hungry.

You visited 1 branch of the dungeon, and saw 4 of its levels.

You collected 154 gold pieces.

Inventory:

Hand weapons
 a - a +0,+0 falchion (weapon)
 d - a -1,+3 orcish vampiric dagger
 g - a +1,+0 dwarven dagger
 n - a +0,+0 dagger
 D - a cursed +0,+0 spear
 E - a -1,+1 orcish dagger
 H - a +0,+1 dagger (quivered)
 J - a +1,+1 sling
 P - a cursed -1,-2 dagger
 Q - a +1,+1 sling of evasion
Missiles
 o - 14 sling bullets
 p - 49 darts
 t - 60 stones
 I - 7 javelins
 R - 2 poisoned needles
 T - a throwing net
Armour
 b - a +0 scale mail
 c - a +0 shield (worn)
 C - a +2 leather armour of cold resistance
 M - a +0 orcish buckler
 U - a +2 dwarven chain mail (worn)
Magical devices
 S - a wand of lightning (8) {unknown}
 X - a wand of cold (8) {unknown}
Comestibles
 f - 2 apples
 i - a choko
 w - a meat ration
 A - 5 bread rations
 G - a pear
Scrolls
 h - a scroll of enchant weapon I {unknown}
 l - 6 scrolls of remove curse {unknown}
 q - 3 scrolls of identify {unknown}
 r - a scroll of enchant weapon II {unknown}
 u - a scroll of blinking {unknown}
 v - 2 scrolls of magic mapping {unknown}
 x - 2 scrolls of recharging {unknown}
 y - a scroll of noise {unknown}
 F - a scroll of teleportation {unknown}
 K - a scroll of curse jewellery {unknown}
 O - a scroll of fear {unknown}
Jewellery
 j - an uncursed amulet of stasis {unknown}
 k - an amulet of warding (around neck) {unknown}
 m - a ring of fire (left hand)
 N - an uncursed ring of flight {unknown}
Potions
 e - 3 potions of flight {unknown}
 z - 3 potions of might {unknown}
 B - a potion of heal wounds {unknown}
 L - a potion of curing {unknown}
 V - a potion of speed {unknown}
 W - a potion of mutation {unknown}
Books
 s - a book of the Warp

   Spells                             Type                      Level
   Recall                             Summoning/Translocation      3
   Control Teleport                   Charms/Translocation         4
   Phase Shift                        Translocation                5
   Warp Weapon                        Charms/Translocation         5
   Dispersal                          Translocation                6
   Controlled Blink                   Translocation                7
   Disjunction                        Translocation                8


   Skills:
 - Level 3.0 Fighting
 * Level 3.4 Long Blades
 + Level 3.0 Armour
 + Level 3.0 Shields


You had 4 spell levels left.
You didn't know any spells.

Dungeon Overview and Level Annotations

Branches:
Dungeon (4/27)
 Temple: D:4-7

Altars:
Cheibriados
Elyvilon
Sif Muna
Xom
Yredelemnul


Innate Abilities, Weirdness & Mutations

You do not eat or drink.
Your flesh is vulnerable to fire.
Your flesh is cold resistant.
You are immune to negative energy.
Your system is resistant to poisons.
You are immune to unholy pain and torment.
You can survive without breathing.


Message History

It hits you.
* * * LOW HITPOINT WARNING * * *
You barely miss it. It hits you but does no damage. You block the orc's attack.
You hit the orc.
You kill the orc!
It hits you but does no damage.
Your shield and chain mail prevent you from hitting it.
The orc hits you with an orcish flail.
* * * LOW HITPOINT WARNING * * *
It hits you.
* * * LOW HITPOINT WARNING * * *
You barely miss the orc. The orc hits you with an orcish flail.
* * * LOW HITPOINT WARNING * * *
It hits you but does no damage.
You barely miss the orc. It hits you but does no damage.
The orc hits you with an orcish flail.
* * * LOW HITPOINT WARNING * * *
It hits you but does no damage. The orc hits you with an orcish flail.
You die...

##############
.............#
.............#
.........<...#
.............#
.............#####
.....#........oo.#
..#.#........###@#
..%%...).....# #.#
.##.#[.......###.#
.##..#)..........#
.............###.#
.#...........# #.#
.............# #.#
.............###.#
.................#


You could see 2 orcs.

Vanquished Creatures
  3 adders
  An inept feature mimic (D:3)
  4 giant geckos
  8 orcs
  4 giant cockroaches
  14 hobgoblins
  3 jackals
  A quokka (D:4)
  A ball python (D:1)
  10 bats
  9 giant newts
  14 goblins
  9 kobolds
  13 rats
94 creatures vanquished.

Vanquished Creatures (others)
  A human (D:3)
  A goblin (D:3)
  A hobgoblin (D:3)
  A giant newt (D:3)
  A rat (D:3)
5 creatures vanquished.

Grand Total: 99 creatures vanquished

Notes
Turn   | Place    | Note
--------------------------------------------------------------
     0 | D:1      | Lilouch, the Mummy Fighter, began the quest for the Orb.
     0 | D:1      | Reached XP level 1. HP: 18/18 MP: 0/0
   369 | D:1      | Reached XP level 2. HP: 22/24 MP: 1/1
  1071 | D:2      | Reached XP level 3. HP: 20/30 MP: 2/2
  5913 | D:1      | Noticed a stone giant skeleton
  6901 | D:1      | Noticed a great orb of eyes
  9756 | D:2      | Reached XP level 4. HP: 36/36 MP: 3/3
 10415 | D:2      | Noticed a purple ugly thing
 11414 | D:3      | Found a shimmering altar of Xom.
 11505 | D:3      | Found a basalt altar of Yredelemnul.
 12382 | D:4      | Found a deep blue altar of Sif Muna.
 16409 | D:3      | Noticed a centaur warrior
 16540 | D:4      | Noticed a sky beast
 16569 | D:4      | Found a white marble altar of Elyvilon.
 16570 | D:4      | Found a snail-covered altar of Cheibriados.
 16671 | D:3      | Reached XP level 5. HP: 13/41 MP: 4/4
 16680 | D:3      | Slain by an orc

Action                   |  1- 3 |  4- 6 || total
-------------------------+-------+-------++-------
Melee: Falchion          |   143 |   197 ||   340
Throw: Dagger            |     2 |       ||     2
